| TOP OF THE 1ST |
|
Bluefield Blue Jays batting - Pitching for Greeneville Astros : RHP Josh Willig
|
|
Pitching: RHP Josh Willig
|
|
|
Batting: RHB Braydon Pinsent
|
0-0: Ball 1-0: Ball 2-0: Ball 3-0: Called Strike 3-1: Base on Balls
|
|
Batting: RHB Stephen Casteel
|
0-0: Ball 1-0: Foul Ball, location: 2F 1-1: Ball 2-1: SINGLE (Groundball, 56D, EV 95.0 MPH) Braydon Pinsent to second Runner from 2nd tries for 3rd, SAFE, throw by LF made to third
|
|
Batting: RHB John Hering
|
0-0: Ball Stephen Casteel steals 2nd base (no throw) 1-0: Ball 2-0: Ball 3-0: Base on Balls
|
|
Batting: RHB Bill Murray
|
0-0: Ball 1-0: Swinging Strike 1-1: Ball 2-1: Ball 3-1: Foul Ball, location: 2F 3-2: Base on Balls Braydon Pinsent scores Stephen Casteel to third John Hering to second
|
|
Batting: LHB Kurt Estep
|
0-0: Ball 1-0: Swinging Strike 1-1: Called Strike 1-2: Ball 2-2: Ball 3-2: Base on Balls Stephen Casteel scores John Hering to third Bill Murray to second
|
|
Batting: SHB Dominik Hasek II
|
0-0: Foul Ball, location: 2F 0-1: Fly out, F6 (Popup, 56, EV 54.4 MPH)
|
|
Batting: RHB Shunsuke Shiba Inu
|
0-0: Ball 1-0: Ball Wild Pitch! John Hering scores Bill Murray to third Kurt Estep to second 2-0: Ball 3-0: Foul Ball, location: 2F 3-1: Base on Balls
|
|
Batting: LHB Eric Toney
|
0-0: Grounds into double play, 6-4-3 (Groundball, 56, EV 93.8 MPH)
|
| Top of the 1st over - 3 runs, 1 hit, 0 errors, 2 left on base; Bluefield 3 - Greeneville 0 |
| BOTTOM OF THE 1ST |
|
Greeneville Astros batting - Pitching for Bluefield Blue Jays : LHP Nick Burnstein
|
|
Pitching: LHP Nick Burnstein
|
|
|
Batting: RHB Omar Amaya
|
0-0: Ball 1-0: Foul Ball, location: 2F 1-1: Swinging Strike 1-2: Strikes out looking
|
|
Batting: LHB Josh Corkery
|
0-0: Fly out, F4 (Popup, 34S, EV 81.2 MPH)
|
|
Batting: LHB Mark Dearth
|
0-0: Called Strike 0-1: Ball 1-1: Foul Ball, location: 2F 1-2: Ball 2-2: Strikes out looking
|
| Bottom of the 1st over - 0 runs, 0 hits, 0 errors, 0 left on base; Bluefield 3 - Greeneville 0 |
| TOP OF THE 2ND |
|
Bluefield Blue Jays batting - Pitching for Greeneville Astros : RHP Josh Willig
|
|
Batting: RHB Mike Johnson
|
0-0: Ball 1-0: Fly out, F8 (Flyball, 8LM, EV 93.1 MPH)
|
|
Batting: RHB Braydon Pinsent
|
0-0: Ball 1-0: Ball 2-0: Called Strike 2-1: Called Strike 2-2: Ball 3-2: Base on Balls
|
|
Batting: RHB Stephen Casteel
|
0-0: Ball 1-0: Called Strike 1-1: Fielders Choice at 2nd, 5-4 (Groundball, 56, EV 85.0 MPH)
|
|
Batting: RHB John Hering
|
0-0: Ball 1-0: Ball 2-0: Ball 3-0: Foul Ball, location: 2F 3-1: Base on Balls Stephen Casteel to second
|
|
Batting: RHB Bill Murray
|
0-0: Ball 1-0: Ball 2-0: Ball 3-0: Base on Balls Stephen Casteel to third John Hering to second
|
|
Batting: LHB Kurt Estep
|
0-0: Foul Ball, location: 2F 0-1: Fielders Choice at 2nd, 5-4 (Groundball, 5, EV 104.4 MPH)
|
| Top of the 2nd over - 0 runs, 0 hits, 0 errors, 3 left on base; Bluefield 3 - Greeneville 0 |
| BOTTOM OF THE 2ND |
|
Greeneville Astros batting - Pitching for Bluefield Blue Jays : LHP Nick Burnstein
|
|
Batting: RHB Erik Smith
|
0-0: SOLO HOME RUN (Flyball, 7LD, EV 98.1 MPH), Distance : 387 ft
|
|
Batting: RHB Yoshitoshi Mori
|
0-0: Ball 1-0: Foul Ball, location: 2F 1-1: Ball 2-1: Ball 3-1: Base on Balls
|
|
Batting: RHB Keith Goodwin
|
0-0: Ball 1-0: Ball 2-0: Ball 3-0: Called Strike 3-1: SINGLE (Groundball, 56S, EV 69.4 MPH) (infield hit) Yoshitoshi Mori to second
|
|
Batting: LHB Daigo Ishii
|
0-0: Ball 1-0: Ball 2-0: Called Strike 2-1: Called Strike 2-2: Ball 3-2: Foul Ball, location: 2F 3-2: Foul Ball, location: 2F 3-2: Foul Ball, location: 2F 3-2: Base on Balls Yoshitoshi Mori to third Keith Goodwin to second
|
|
Batting: RHB Gabe Allen
|
0-0: Swinging Strike 0-1: Ball 1-1: Foul Ball, location: 2F 1-2: Ball 2-2: Strikes out looking
|
|
Batting: RHB Guo-ning Chen
|
0-0: Ball 1-0: Ball 2-0: Ball 3-0: Called Strike 3-1: Called Strike 3-2: Strikes out swinging
|
|
Batting: RHB Omar Amaya
|
0-0: Swinging Strike 0-1: Foul Ball, location: 2F 0-2: Foul Ball, location: 2F 0-2: Strikes out swinging
|
| Bottom of the 2nd over - 1 run, 2 hits, 0 errors, 3 left on base; Bluefield 3 - Greeneville 1 |
| TOP OF THE 3RD |
|
Bluefield Blue Jays batting - Pitching for Greeneville Astros : RHP Josh Willig
|
|
Batting: SHB Dominik Hasek II
|
0-0: DOUBLE (Line Drive, 5D, EV 103.8 MPH)
|
|
Batting: RHB Shunsuke Shiba Inu
|
0-0: Foul Ball, location: 2F 0-1: Ball 1-1: Ball 2-1: SINGLE (Flyball, 5D, EV 88.8 MPH) Dominik Hasek II to third
|
|
Batting: LHB Eric Toney
|
0-0: Foul Ball, location: 2F 0-1: Ball Shunsuke Shiba Inu steals 2nd base 1-1: Ball 2-1: Swinging Strike 2-2: Ball 3-2: Foul Ball, location: 2F 3-2: Strikes out looking
|
|
Batting: RHB Mike Johnson
|
0-0: Ball 1-0: Ball 2-0: Ball 3-0: Base on Balls
|
|
Batting: RHB Braydon Pinsent
|
0-0: Foul Ball, location: 2F 0-1: Ball 1-1: SINGLE (Line Drive, 8RS, EV 99.4 MPH) Dominik Hasek II scores Shunsuke Shiba Inu to third Mike Johnson to second Runner from 3rd tries for Home, SAFE, throw by CF to home
|
|
Pitching: RHP Russ Greer
|
|
|
Batting: RHB Stephen Casteel
|
0-0: Ball 1-0: Called Strike 1-1: Ball 2-1: Grounds into double play, 4-6-3 (Groundball, 4, EV 83.1 MPH)
|
| Top of the 3rd over - 2 runs, 3 hits, 0 errors, 1 left on base; Bluefield 5 - Greeneville 1 |
| BOTTOM OF THE 3RD |
|
Greeneville Astros batting - Pitching for Bluefield Blue Jays : LHP Nick Burnstein
|
|
Batting: LHB Josh Corkery
|
0-0: Called Strike 0-1: Ball 1-1: Called Strike 1-2: SINGLE (Groundball, 34D, EV 101.2 MPH)
|
|
Batting: LHB Mark Dearth
|
0-0: Called Strike Josh Corkery steals 2nd base (no throw) 0-1: Ball 1-1: Ball Wild Pitch! Josh Corkery to third 2-1: Ball 3-1: Ground out 4-3 (Groundball, 34, EV 94.4 MPH) Josh Corkery scores
|
|
Batting: RHB Erik Smith
|
0-0: Called Strike 0-1: Swinging Strike 0-2: Fly out, F9 (Flyball, 9, EV 87.5 MPH)
|
|
Batting: RHB Yoshitoshi Mori
|
0-0: Called Strike 0-1: Ball 1-1: Foul Ball, location: 2F 1-2: Strikes out swinging
|
| Bottom of the 3rd over - 1 run, 1 hit, 0 errors, 0 left on base; Bluefield 5 - Greeneville 2 |
| TOP OF THE 4TH |
|
Bluefield Blue Jays batting - Pitching for Greeneville Astros : RHP Russ Greer
|
|
Batting: RHB John Hering
|
0-0: Ball 1-0: Called Strike 1-1: Ball 2-1: Ball 3-1: Base on Balls
|
|
Batting: RHB Bill Murray
|
Pickoff Play to 1st, Runner tries for 2nd, OUT after rundown. 0-0: Ball 1-0: Foul Ball, location: 2F 1-1: Ball 2-1: Ball 3-1: Base on Balls
|
|
Batting: LHB Kurt Estep
|
0-0: Ball 1-0: Ball 2-0: Called Strike 2-1: Swinging Strike 2-2: Ball 3-2: Fielders Choice at 2nd, U6 (Groundball, 4MD, EV 91.2 MPH)
|
|
Batting: SHB Dominik Hasek II
|
0-0: Ball Kurt Estep steals 2nd base 1-0: Ball 2-0: Fly out, F9 (Line Drive, 9LM, EV 95.6 MPH)
|
| Top of the 4th over - 0 runs, 0 hits, 0 errors, 1 left on base; Bluefield 5 - Greeneville 2 |
| BOTTOM OF THE 4TH |
|
Greeneville Astros batting - Pitching for Bluefield Blue Jays : LHP Nick Burnstein
|
|
Batting: RHB Keith Goodwin
|
0-0: Foul Ball, location: 2F 0-1: Fly out, F3 (Popup, 3SF, EV 79.4 MPH)
|
|
Batting: LHB Daigo Ishii
|
0-0: Foul Ball, location: 2F 0-1: Called Strike 0-2: Strikes out swinging
|
|
Batting: RHB Gabe Allen
|
0-0: Foul Ball, location: 2F 0-1: Ground out 6-3 (Groundball, 6, EV 111.2 MPH)
|
| Bottom of the 4th over - 0 runs, 0 hits, 0 errors, 0 left on base; Bluefield 5 - Greeneville 2 |
| TOP OF THE 5TH |
|
Bluefield Blue Jays batting - Pitching for Greeneville Astros : RHP Russ Greer
|
|
Batting: RHB Shunsuke Shiba Inu
|
0-0: Fly out, F7 (Flyball, 7, EV 92.5 MPH)
|
|
Batting: LHB Eric Toney
|
0-0: Called Strike 0-1: Foul Ball, location: 2F 0-2: Strikes out swinging
|
|
Batting: RHB Mike Johnson
|
0-0: Ball 1-0: Called Strike 1-1: Ball 2-1: Fly out, F6 (Line Drive, 6M, EV 70.6 MPH)
|
| Top of the 5th over - 0 runs, 0 hits, 0 errors, 0 left on base; Bluefield 5 - Greeneville 2 |
| BOTTOM OF THE 5TH |
|
Greeneville Astros batting - Pitching for Bluefield Blue Jays : LHP Nick Burnstein
|
|
Batting: RHB Guo-ning Chen
|
0-0: Swinging Strike 0-1: Called Strike 0-2: Ball 1-2: Ball 2-2: Strikes out swinging
|
|
Batting: RHB Omar Amaya
|
0-0: Ball 1-0: Foul Ball, location: 2F 1-1: Foul Ball, location: 2F 1-2: Ground out 5-3 (Groundball, 5, EV 76.9 MPH)
|
|
Batting: LHB Josh Corkery
|
0-0: Foul Ball, location: 2F 0-1: Foul Ball, location: 2F 0-2: Ball 1-2: Ground out U3 (Groundball, 3, EV 91.2 MPH)
|
| Bottom of the 5th over - 0 runs, 0 hits, 0 errors, 0 left on base; Bluefield 5 - Greeneville 2 |
| TOP OF THE 6TH |
|
Bluefield Blue Jays batting - Pitching for Greeneville Astros : RHP Russ Greer
|
|
Batting: RHB Braydon Pinsent
|
0-0: Ground out 5-3 (Groundball, 56S, EV 80.6 MPH)
|
|
Batting: RHB Stephen Casteel
|
0-0: Fly out, F7 (Flyball, 78S, EV 88.8 MPH)
|
|
Batting: RHB John Hering
|
0-0: Ground out 1-3 (Groundball, 15, EV 68.1 MPH)
|
| Top of the 6th over - 0 runs, 0 hits, 0 errors, 0 left on base; Bluefield 5 - Greeneville 2 |
| BOTTOM OF THE 6TH |
|
Greeneville Astros batting - Pitching for Bluefield Blue Jays : LHP Nick Burnstein
|
|
Batting: LHB Mark Dearth
|
0-0: Ball 1-0: Foul Ball, location: 2F 1-1: Swinging Strike 1-2: Ball 2-2: Ball 3-2: Strikes out swinging
|
|
Batting: RHB Erik Smith
|
0-0: Foul Ball, location: 2F 0-1: Ball 1-1: Ball 2-1: Called Strike 2-2: Ground out 5-3 (Groundball, 56, EV 83.1 MPH)
|
|
Batting: RHB Yoshitoshi Mori
|
0-0: Ball 1-0: Fly out, F8 (Flyball, 78D, EV 81.9 MPH)
|
| Bottom of the 6th over - 0 runs, 0 hits, 0 errors, 0 left on base; Bluefield 5 - Greeneville 2 |
| TOP OF THE 7TH |
|
Bluefield Blue Jays batting - Pitching for Greeneville Astros : RHP Russ Greer
|
|
Pitching: LHP Bernard Grose
|
|
|
Batting: RHB Bill Murray
|
0-0: Ball 1-0: Swinging Strike 1-1: SINGLE (Line Drive, 8RS, EV 91.2 MPH)
|
|
Batting: LHB Kurt Estep
|
0-0: Called Strike 0-1: Ball 1-1: Fielders Choice at 2nd, 4-6 (Groundball, 4, EV 102.5 MPH)
|
|
Batting: SHB Dominik Hasek II
|
0-0: Ball Kurt Estep steals 2nd, throwing error, E2 Kurt Estep to third 1-0: Ball 2-0: Called Strike 2-1: Ball 3-1: Base on Balls
|
|
Batting: RHB Shunsuke Shiba Inu
|
0-0: Called Strike Dominik Hasek II steals 2nd, throwing error, E2 Kurt Estep scores Dominik Hasek II to third 0-1: Ball 1-1: 2-RUN HOME RUN (Flyball, 7D, EV 96.2 MPH), Distance : 388 ft
|
|
Pitching: RHP Kuaika Anakala
|
|
|
Batting: LHB Eric Toney
|
0-0: Ball 1-0: Ball 2-0: Called Strike 2-1: Foul Ball, location: 2F 2-2: Ball 3-2: Ground out 2-3 (Groundball, 15S, EV 66.9 MPH)
|
|
Batting: RHB Mike Johnson
|
0-0: Ball 1-0: Ball 2-0: Ground out 5-3 (Groundball, 56S, EV 81.2 MPH)
|
| Top of the 7th over - 3 runs, 2 hits, 2 errors, 0 left on base; Bluefield 8 - Greeneville 2 |
| BOTTOM OF THE 7TH |
|
Greeneville Astros batting - Pitching for Bluefield Blue Jays : LHP Nick Burnstein
|
|
Batting: RHB Keith Goodwin
|
0-0: Swinging Strike 0-1: Swinging Strike 0-2: Fly out, F7 (Flyball, 7S, EV 83.8 MPH)
|
|
Batting: LHB Daigo Ishii
|
0-0: Called Strike 0-1: Foul Ball, location: 2F 0-2: Ball 1-2: Foul Ball, location: 2F 1-2: Foul Ball, location: 2F 1-2: Foul Ball, location: 2F 1-2: Strikes out swinging
|
|
DELAY
|
Rain delay of 59 minutes in the 7th inning.
|
|
Pitching: RHP Chris Kroesen
|
|
|
Batting: RHB Gabe Allen
|
0-0: Ball 1-0: Ball 2-0: Ball 3-0: Called Strike 3-1: Swinging Strike 3-2: Strikes out swinging
|
| Bottom of the 7th over - 0 runs, 0 hits, 0 errors, 0 left on base; Bluefield 8 - Greeneville 2 |
| TOP OF THE 8TH |
|
Bluefield Blue Jays batting - Pitching for Greeneville Astros : RHP Kuaika Anakala
|
|
Batting: RHB Braydon Pinsent
|
0-0: Ball 1-0: Ball 2-0: Called Strike 2-1: Ground out 6-3 (Groundball, 6, EV 93.1 MPH)
|
|
Batting: RHB Stephen Casteel
|
0-0: Called Strike 0-1: Ball 1-1: Foul Ball, location: 2F 1-2: Strikes out swinging
|
|
Batting: RHB John Hering
|
0-0: Ball 1-0: Ball 2-0: Ball 3-0: Base on Balls
|
|
Batting: RHB Bill Murray
|
0-0: Fielders Choice at 2nd, 6-4 (Groundball, 6, EV 82.5 MPH)
|
| Top of the 8th over - 0 runs, 0 hits, 0 errors, 1 left on base; Bluefield 8 - Greeneville 2 |
| BOTTOM OF THE 8TH |
|
Greeneville Astros batting - Pitching for Bluefield Blue Jays : RHP Chris Kroesen
|
|
Batting: RHB Guo-ning Chen
|
0-0: Called Strike 0-1: Called Strike 0-2: Ball 1-2: Foul Ball, location: 2F 1-2: Strikes out swinging
|
|
Pinch Hitting: RHB Chris Miller
|
0-0: Ball 1-0: Foul Ball, location: 2F 1-1: Called Strike 1-2: Foul Ball, location: 2F 1-2: Foul Ball, location: 2F 1-2: Ball 2-2: Ground out 5-3 (Groundball, 5S, EV 70.6 MPH)
|
|
Batting: LHB Josh Corkery
|
0-0: Ball 1-0: Ball 2-0: Swinging Strike 2-1: Foul Ball, location: 2F 2-2: Ball 3-2: Base on Balls
|
|
Batting: LHB Mark Dearth
|
0-0: Ball 1-0: Foul Ball, location: 2F 1-1: Ball 2-1: Called Strike 2-2: Foul Ball, location: 2F 2-2: Strikes out looking
|
| Bottom of the 8th over - 0 runs, 0 hits, 0 errors, 1 left on base; Bluefield 8 - Greeneville 2 |
| TOP OF THE 9TH |
|
Bluefield Blue Jays batting - Pitching for Greeneville Astros : RHP Kuaika Anakala
|
|
Now in RF: Chris Miller
|
|
|
Batting: LHB Kurt Estep
|
0-0: Called Strike 0-1: Ball 1-1: Called Strike 1-2: SINGLE (Groundball, 6M, EV 88.1 MPH) (infield hit)
|
|
Batting: SHB Dominik Hasek II
|
0-0: Called Strike Kurt Estep steals 2nd base 0-1: Fly out, F6 (Flyball, 6MD, EV 93.1 MPH)
|
|
Pitching: RHP Jon Davis
|
|
|
Batting: RHB Shunsuke Shiba Inu
|
0-0: Ball 1-0: Called Strike 1-1: Fly out, F8 (Flyball, 8RD, EV 98.1 MPH)
|
|
Batting: LHB Eric Toney
|
0-0: Ball 1-0: Called Strike 1-1: SINGLE (Line Drive, 8LS, EV 111.2 MPH) Kurt Estep to third Runner from 3rd tries for Home, SAFE, throw by CF to home
|
|
Batting: RHB Mike Johnson
|
0-0: Called Strike 0-1: Ball 1-1: Foul Ball, location: 2F 1-2: Foul Ball, location: 2F 1-2: Ground out U3 (Groundball, 34S, EV 81.2 MPH)
|
| Top of the 9th over - 1 run, 2 hits, 0 errors, 1 left on base; Bluefield 9 - Greeneville 2 |
| BOTTOM OF THE 9TH |
|
Greeneville Astros batting - Pitching for Bluefield Blue Jays : RHP Chris Kroesen
|
|
Pinch Hitting: SHB Miguel Sierra
|
0-0: Ball 1-0: Ball 2-0: Ball 3-0: Called Strike 3-1: Base on Balls
|
|
Batting: RHB Yoshitoshi Mori
|
0-0: Ball 1-0: DOUBLE (Line Drive, 78XD, EV 106.2 MPH) Miguel Sierra to third
|
|
Batting: RHB Keith Goodwin
|
0-0: Ball 1-0: Called Strike 1-1: Foul Ball, location: 2F 1-2: Strikes out looking
|
|
Batting: LHB Daigo Ishii
|
0-0: Ball Wild Pitch! Miguel Sierra scores Yoshitoshi Mori to third 1-0: Called Strike 1-1: Called Strike 1-2: Foul Ball, location: 2F 1-2: Foul Ball, location: 2F 1-2: Strikes out swinging
|
|
Batting: RHB Gabe Allen
|
0-0: Called Strike 0-1: Ground out 5-3 (Groundball, 56, EV 100.0 MPH)
|
| Bottom of the 9th over - 1 run, 1 hit, 0 errors, 1 left on base; Bluefield 9 - Greeneville 3 |
|